Map: Dusk Towers

Players

TakeDown - Winner!

  • Race: Terran Terran
  • League: Master

VOD

Have the link to the VOD?

Description

Time

  • Played on: March 6, 2016, 5:23 p.m.
  • Length: 9:01
Show
View Real Time Build Order
Export as new Build Order

TakeDown Terran - Winner!

Build Orders: MMM Bio 

Get SALT Encoding   

  12  0:02  SCV  
  12  0:14  SCV  
  12  0:19  Supply Depot  
  12  0:26  SCV  
  12  0:40  SCV  
  12  0:41  Barracks  
  12  0:45  Refinery  
  12  0:52  SCV  
  12  1:05  SCV  
  12  1:17  SCV  
  12  1:30  Orbital Command  
  12  1:37  Barracks Reactor  
  12  1:43  Command Center  
  12  1:55  SCV  
  12  2:03  Supply Depot  
  12  2:08  SCV  
  12  2:12  Marine, Factory  
  12  2:13  Marine  
  12  2:23  Refinery  
  12  2:25  SCV  
  12  2:31  Marine x2  
  12  2:37  SCV  
  12  2:49  SCV, Marine x2  
  12  2:55  Orbital Command  
  12  2:58  Widow Mine  
  12  3:01  Starport  
  12  3:03  SCV  
  12  3:10  Marine x2  
  12  3:15  Supply Depot  
  12  3:18  SCV  
  12  3:21  SCV  
  12  3:26  Widow Mine  
  12  3:32  SCV  
  12  3:33  SCV  
  12  3:34  Marine x2  
  12  3:41  Medivac  
  12  3:45  SCV x2  
  12  3:48  Supply Depot  
  12  3:54  Marine x2  
  12  3:57  SCV x2  
  12  4:09  SCV  
  12  4:10  SCV  
  12  4:11  Supply Depot  
  12  4:21  Marine x2  
  12  4:22  SCV x2  
  12  4:29  Barracks  
  12  4:30  Barracks  
  12  4:34  SCV x2, Supply Depot, Starport Tech Lab  
  12  4:35  Factory Tech Lab  
  12  4:36  Supply Depot  
  12  4:39  Marine x2  
  12  4:46  SCV x2  
  12  4:56  Marine x2  
  12  4:58  SCV x2  
  12  5:05  Factory Reactor  
  12  5:10  SCV x2  
  12  5:20  Command Center  
  12  5:22  SCV x2  
  12  5:24  Combat Shields  
  12  5:25  Stimpack, Engineering Bay  
  12  5:26  Engineering Bay  
  12  5:27  Refinery x2, Marauder  
  12  5:28  Marauder  
  12  5:33  Supply Depot  
  12  5:34  Marine x2  
  12  5:37  SCV x2  
  12  5:44  Supply Depot  
  12  5:49  Marauder x2  
  12  5:52  Terran Infantry Weapons Level 1  
  12  5:53  Terran Infantry Armor Level 1  
  12  5:55  Medivac  
  12  5:56  Medivac  
  12  5:58  Marine x2  
  12  6:02  SCV  
  12  6:03  SCV  
  12  6:09  Supply Depot  
  12  6:11  Supply Depot  
  12  6:13  Supply Depot  
  12  6:14  Marauder  
  12  6:15  Marauder  
  12  6:18  Marine x2  
  12  6:25  Medivac  
  12  6:26  Medivac  
  12  6:32  SCV  
  12  6:34  Orbital Command  
  12  6:42  Barracks  
  12  6:43  Barracks  
  12  6:46  Liberator x2  
  12  6:47  Marine x2, Marauder x2  
  12  6:54  Orbital Command  
  12  6:59  Armory  
  12  7:08  SCV x2  
  12  7:12  Supply Depot  
  12  7:20  SCV  
  12  7:21  SCV x2  
  12  7:22  Refinery  
  12  7:25  Refinery  
  12  7:26  Marine  
  12  7:27  Marine, Marauder x2  
  12  7:36  Supply Depot x2  
  12  7:37  Barracks Tech Lab, Barracks Reactor  
  12  7:44  Marine  
  12  7:46  SCV x3  
  12  7:48  Marauder  
  12  7:57  Liberator x2  
  12  7:58  Marine, Marauder x2  
  12  8:01  SCV  
  12  8:02  SCV x2  
  12  8:09  Marauder  
  12  8:13  SCV  
  12  8:14  SCV x2  
  12  8:16  Marine x2  
  12  8:17  Marine  
  12  8:19  Marauder x2  
  12  8:25  Supply Depot  
  12  8:26  Supply Depot  
  12  8:36  Marine x3  
  12  8:37  Marine, Marauder  
  12  8:40  Marauder  
  12  8:43  Command Center  
  12  8:46  Supply Depot  
  12  8:47  Supply Depot x2  
Tags
 
Composition
MMM Bio
League
Master
Race
Terran
Add a new tag
Caveats
  • Supply blocks, unpowered buildings, or Contaminate may cause inaccurate times.
  • Supply counts are checked every 10 seconds.